[Event "36th Indian-ch U13 Open 2023"]
[Site "Secunderabad"]
[Date "2023.12.09"]
[Round "10.3"]
[White "Vivaan Vijay Saraogi"]
[Black "Challa Saharsha"]
[Result "1-0"]
[ECO "B33"]
[WhiteElo "1982"]
[BlackElo "1674"]
[Annotator "RC"]
[PlyCount "73"]
[EventDate "2023.12.04"]
[EventType "swiss"]
[EventCountry "IND"]
[SourceTitle "playchess.com"]
[Source "ChessBase"]
[SourceQuality "1"]
[TimeControl "5400+30"]

1. e4 c5 2. Nf3 Nc6 3. d4 cxd4 4. Nxd4 Nf6 5. Nc3 h5 6. f3 e5 7. Ndb5 d6 8. Bg5 a6 9. Na3 Be6 10. Nc4 Rc8 11. Bd3 Nd4 12. Ne3 Be7 13. Bxf6 gxf6 14. Ncd5 f5 15. Nxe7 fxe4 16. Nxc8 exd3 17. Qxd3 Bxc8 18. O-O Qb6 19. Kh1 h4 20. c3 Ne6 21. Nc4 Qc7 22. Nxd6+ Ke7 23. Nf5+ Kf6 24. Ne3 Kg7 25. Rae1 Nf4 26. Qe4 Nh5 27. Qxh4 e4 28. Qg5+ Kf8 29. f4 f6 30. Qg6 Be6 31. Kg1 Qc6 32. Rd1 Bf7 33. Qf5 Ng7 34. Qd7 Qb6 35. Qd8+ Qxd8 36. Rxd8+ Be8 37. Rb8 1-0

[Event "36th Indian-ch U13 Open 2023"]
[Site "Secunderabad"]
[Date "2023.12.09"]
[Round "10.4"]
[White "Gaikwad Manas"]
[Black "Sushanth Vaman Shetty"]
[Result "0-1"]
[ECO "C11"]
[WhiteElo "1916"]
[BlackElo "1620"]
[Annotator "RC"]
[PlyCount "58"]
[EventDate "2023.12.04"]
[EventType "swiss"]
[EventCountry "IND"]
[SourceTitle "playchess.com"]
[Source "ChessBase"]
[SourceQuality "1"]
[TimeControl "5400+30"]

1. e4 e6 2. d4 d5 3. Nc3 Nf6 4. e5 Nfd7 5. Nce2 c5 6. c3 Nc6 7. f4 b5 8. Nf3 a5 9. Ng3 c4 10. Be2 f5 11. exf6 Nxf6 12. Ne5 Qc7 13. Bh5+ g6 14. Bf3 Bb7 15. h4 O-O-O 16. h5 Bd6 17. Bg4 Nxe5 18. dxe5 Bxe5 19. Bxe6+ Kb8 20. O-O Bd6 21. Bh3 Bc5+ 22. Kh2 Ne4 23. Qf3 gxh5 24. Nxe4 dxe4 25. Qxh5 e3 26. Bxe3 Bxe3 27. Qxb5 Bxf4+ 28. Kh1 Rd5 29. Qa4 Rh5 0-1

[Event "36th Indian-ch U13 Open 2023"]
[Site "Secunderabad"]
[Date "2023.12.09"]
[Round "10.5"]
[White "Arnav Mahesh Koli"]
[Black "Reyan"]
[Result "0-1"]
[ECO "B35"]
[WhiteElo "1769"]
[BlackElo "1842"]
[Annotator "NA RC"]
[PlyCount "146"]
[EventDate "2023.12.04"]
[EventType "swiss"]
[EventCountry "IND"]
[SourceTitle "playchess.com"]
[Source "ChessBase"]
[SourceQuality "1"]
[TimeControl "5400+30"]

1. e4 c5 2. Nf3 Nc6 3. d4 cxd4 4. Nxd4 g6 5. Nc3 Bg7 6. Be3 Nf6 7. f3 O-O 8. Bc4 Qb6 9. Qd2 Nxe4 10. fxe4 Bxd4 11. Bxd4 Qxd4 12. Bd3 d6 13. O-O-O Be6 14. Kb1 Ne5 15. Ne2 Qa4 16. b3 Qa3 17. h4 h5 18. Nd4 a5 19. Nf5 a4 20. Nxe7+ Kg7 21. Qc3 axb3 22. axb3 Bg4 23. Rdf1 Rfe8 24. Nd5 Qa2+ 25. Kc1 Rac8 26. Qb2 Qxb2+ 27. Kxb2 Nxd3+ 28. cxd3 Be2 29. Rf4 Bxd3 30. Nc3 Re6 31. Rd1 Ba6 32. Rd2 Rce8 33. Rdf2 f6 34. Ka3 Bd3 35. g3 f5 36. exf5 Bxf5 37. Nb5 Ra8+ 38. Kb4 d5 39. Nd4 Re4 40. Kc5 $11 Rc8+ 41. Kb6 Rc3 42. Rxe4 dxe4 43. b4 Bc8 44. Rc2 Rxc2 45. Nxc2 Kf6 46. Kc7 Be6 47. Kxb7 Bb3 48. Ne3 Ke5 49. Kc7 Kd4 50. Ng2 e3 51. b5 e2 52. b6 Bd5 53. b7 Bxb7 54. Kxb7 Ke4 55. Kc6 Kf3 56. Ne1+ Kxg3 57. Kd5 Kxh4 58. Ke4 Kg3 59. Ke3 h4 60. Kxe2 h3 61. Nd3 h2 62. Nf2 Kg2 63. Ke3 g5 64. Ke2 g4 65. Nxg4 h1=Q 66. Ne3+ Kg3 67. Nf1+ Kf4 68. Nd2 Qd5 69. Nf1 Qa2+ 70. Nd2 Qc2 71. Ke1 Ke3 72. Nf1+ Kd3 73. Ng3 Qg2 0-1

[Event "36th Indian-ch U13 Open 2023"]
[Site "Secunderabad"]
[Date "2023.12.09"]
[Round "10.6"]
[White "Talla Nischal"]
[Black "Adharsh K"]
[Result "0-1"]
[ECO "A48"]
[WhiteElo "1564"]
[BlackElo "1831"]
[Annotator "NA RC"]
[PlyCount "104"]
[EventDate "2023.12.04"]
[EventType "swiss"]
[EventCountry "IND"]
[SourceTitle "playchess.com"]
[Source "ChessBase"]
[SourceQuality "1"]
[TimeControl "5400+30"]

1. d4 Nf6 2. Bf4 g6 3. e3 Bg7 4. Nf3 O-O 5. Be2 d6 6. h3 Nbd7 7. O-O Re8 8. c3 h6 9. Bh2 b6 10. Nbd2 Bb7 11. Qc2 a5 12. Bc4 e6 13. e4 Nxe4 14. Nxe4 d5 15. Bd3 dxe4 16. Bxe4 Qc8 17. Rfe1 Nf6 18. Bxb7 Qxb7 19. Be5 Rac8 20. Qd2 Nd7 21. Bxg7 Kxg7 22. Ne5 Nxe5 23. dxe5 Qd5 24. Qf4 Rcd8 25. Qf6+ Kg8 26. Re3 Qd2 27. h4 h5 28. Rf3 Rd7 29. Rf4 Qxb2 30. Re1 Qa3 31. Qg5 Qxa2 32. g4 Qd2 33. Rf1 Qe2 34. Kg2 b5 35. gxh5 Qxh5 36. Qf6 Rf8 37. Rf3 a4 38. Rg3 Qf5 39. h5 Qxf6 40. exf6 Rd5 41. Rh1 c5 42. hxg6 fxg6 43. Rgh3 Kf7 44. Rf3 Rf5 45. Rd3 Kxf6 46. Kg3 b4 47. cxb4 cxb4 48. Rh4 Rb8 49. Rd7 b3 50. Rhh7 b2 51. f4 Rb3+ 52. Kg4 Rxf4+ 0-1

[Event "36th Indian-ch U13 Open 2023"]
[Site "Secunderabad"]
[Date "2023.12.09"]
[Round "10.7"]
[White "Vihaan Dumir"]
[Black "Vandan Alankar Sawai"]
[Result "0-1"]
[ECO "C02"]
[WhiteElo "1798"]
[BlackElo "1619"]
[Annotator "NA RC"]
[PlyCount "110"]
[EventDate "2023.12.04"]
[EventType "swiss"]
[EventCountry "IND"]
[SourceTitle "playchess.com"]
[Source "ChessBase"]
[SourceQuality "1"]
[TimeControl "5400+30"]

1. e4 e6 2. d4 d5 3. e5 c5 4. c3 Nc6 5. Nf3 Qb6 6. a3 Nh6 7. Bd3 Bd7 8. Bc2 cxd4 9. cxd4 Nf5 10. Bxf5 exf5 11. Nc3 Be6 12. O-O Be7 13. b4 O-O 14. Qd3 Rfc8 15. Bd2 Nb8 16. Rfc1 Nd7 17. h4 h6 18. g3 Qd8 19. h5 Nb6 20. Ne2 Qd7 21. Nf4 Nc4 22. Qb3 Rc7 23. Bc3 Rac8 24. Rc2 Nb6 25. Rac1 Qa4 26. Nd2 Bg5 27. Nxe6 fxe6 28. f4 Be7 29. Qxa4 Nxa4 30. Nb1 Rc4 31. Kf2 Bd8 32. Ke2 Bb6 33. Kd3 Nxc3 34. Rxc3 Rxd4+ 35. Ke2 Re4+ 36. Kf3 Re3+ 37. Kg2 Rexc3 38. Rxc3 Rxc3 39. Nxc3 a6 40. Kf3 Kf7 41. a4 g6 42. g4 d4 43. Nd1 fxg4+ 44. Kxg4 d3 45. Kh4 Bd4 46. b5 axb5 47. axb5 b6 48. Kg4 gxh5+ 49. Kxh5 Kg7 50. Kg4 Kg6 51. Kg3 Kf5 52. Kf3 h5 53. Kg3 h4+ 54. Kxh4 Kxf4 55. Kh3 Kf3 0-1

[Event "36th Indian-ch U13 Open 2023"]
[Site "Secunderabad"]
[Date "2023.12.09"]
[Round "10.9"]
[White "Mrinmoy Rajkhowa"]
[Black "Dhruv Singh Bisht"]
[Result "1-0"]
[ECO "B30"]
[WhiteElo "1840"]
[BlackElo "1538"]
[Annotator "NA RC"]
[PlyCount "69"]
[EventDate "2023.12.04"]
[EventType "swiss"]
[EventCountry "IND"]
[SourceTitle "playchess.com"]
[Source "ChessBase"]
[SourceQuality "1"]
[TimeControl "5400+30"]

1. e4 c5 2. Nf3 Nc6 3. Bc4 e6 4. O-O Nf6 5. Re1 a6 6. Bf1 d5 7. exd5 Nxd5 8. d4 Be7 9. c4 Nf6 10. Be3 cxd4 11. Nxd4 Nxd4 12. Bxd4 O-O 13. Nc3 Bd7 14. Qd2 Bc6 15. Rad1 Nd7 16. Ne4 e5 17. Bc3 f5 18. Nd6 Bg5 19. Qd3 e4 20. Qh3 g6 21. c5 Bf6 22. Nxb7 Qe7 23. Bc4+ Kh8 24. Na5 Bb5 25. Bxf6+ Nxf6 26. b4 Rad8 27. Rxd8 Qxd8 28. Qc3 f4 29. Rxe4 f3 30. g3 Bxc4 31. Nxc4 Kg8 32. Re1 Qd5 33. Ne5 Re8 34. Nxf3 Re4 35. Qxf6 1-0

[Event "36th Indian-ch U13 Open 2023"]
[Site "Secunderabad"]
[Date "2023.12.09"]
[Round "10.10"]
[White "Madhvendra Pratap Sharma"]
[Black "Sagnik Dutta"]
[Result "1-0"]
[ECO "C52"]
[WhiteElo "1803"]
[BlackElo "1520"]
[Annotator "NA RC"]
[PlyCount "91"]
[EventDate "2023.12.04"]
[EventType "swiss"]
[EventCountry "IND"]
[SourceTitle "playchess.com"]
[Source "ChessBase"]
[SourceQuality "1"]
[TimeControl "5400+30"]

1. e4 e5 2. Nf3 Nc6 3. Bc4 Bc5 4. b4 Bxb4 5. c3 Ba5 6. d4 exd4 7. O-O d6 8. Qb3 Qe7 9. cxd4 Bb6 10. Nc3 Na5 11. Qa4+ Bd7 12. Bb5 Bxb5 13. Qxb5+ Qd7 14. Qe2 Nc6 15. Bb2 Nge7 16. Rad1 O-O 17. d5 Ne5 18. Nxe5 dxe5 19. Nb5 Ng6 20. g3 a6 21. Na3 Bc5 22. Nc4 Bd6 23. Ne3 Qb5 24. Qc2 Ne7 25. Rd3 Qd7 26. Rb3 b5 27. f4 f6 28. f5 Nc8 29. Ba3 Bxa3 30. Rxa3 Nd6 31. Rc3 Rfc8 32. Rc1 Ra7 33. Rc6 Ne8 34. Qc5 Raa8 35. Kg2 Rcb8 36. Nc2 Nd6 37. Kf3 Rb7 38. Nb4 Nc4 39. Nxa6 Rb6 40. Nxc7 Rxc6 41. Qxc6 Qxc6 42. dxc6 Rc8 43. Nd5 Kf7 44. c7 Nd2+ 45. Ke2 Nc4 46. a4 1-0

[Event "36th Indian-ch U13 Open 2023"]
[Site "Secunderabad"]
[Date "2023.12.10"]
[Round "11.1"]
[White "Venkat, Raghav"]
[Black "Sriram Adarsh Uppala"]
[Result "0-1"]
[ECO "B28"]
[WhiteElo "2205"]
[BlackElo "1902"]
[Annotator "RC"]
[PlyCount "98"]
[EventDate "2023.12.04"]
[EventType "swiss"]
[EventCountry "IND"]
[SourceTitle "playchess.com"]
[Source "ChessBase"]
[SourceQuality "1"]
[TimeControl "5400+30"]

1. e4 c5 2. Nf3 a6 3. c3 d5 4. exd5 Qxd5 5. d4 e6 6. Be2 Nd7 7. O-O Ngf6 8. Be3 b6 9. Nfd2 Qf5 10. Bf3 Ra7 11. c4 cxd4 12. Bxd4 Bd6 13. Nb3 Bc7 14. Be3 Ne5 15. Bd4 O-O 16. Be2 Bb7 17. N1d2 Rd8 18. f3 Qg5 19. Bf2 Nh5 20. Kh1 Nf4 21. Bg3 h5 22. Rg1 h4 23. Bf2 h3 24. gxh3 Qh5 25. Rg3 Ned3 26. Qg1 Nxf2+ 27. Qxf2 Nxe2 28. Qxe2 Bxg3 29. hxg3 Qxh3+ 30. Qh2 Qxh2+ 31. Kxh2 Rd3 32. Kg2 a5 33. Kf2 Ra8 34. Ke2 Rad8 35. a4 Bxf3+ 36. Nxf3 Rxb3 37. Rb1 Rc8 38. Nd2 Rxg3 39. b4 Ra3 40. Ne4 Rxc4 41. Ng5 axb4 42. Rd1 Rc8 43. Rd7 Rxa4 44. Kd2 b3 45. Rb7 Rb4 46. Nxf7 b2 47. Ng5 b1=Q 48. Nxe6 Qc2+ 49. Ke3 Rc3# 0-1

[Event "36th Indian-ch U13 Open 2023"]
[Site "Secunderabad"]
[Date "2023.12.10"]
[Round "11.2"]
[White "Reyan"]
[Black "Sharnarthi Viresh"]
[Result "0-1"]
[ECO "B23"]
[WhiteElo "1842"]
[BlackElo "1850"]
[Annotator "NA RC"]
[PlyCount "156"]
[EventDate "2023.12.04"]
[EventType "swiss"]
[EventCountry "IND"]
[SourceTitle "playchess.com"]
[Source "ChessBase"]
[SourceQuality "1"]
[TimeControl "5400+30"]

1. e4 c5 2. Nc3 Nc6 3. Bb5 Nd4 4. Nf3 a6 5. Bd3 g6 6. O-O Bg7 7. Re1 d6 8. Nxd4 cxd4 9. Ne2 Bg4 10. f3 Bd7 11. c3 Rc8 12. Kh1 Qb6 13. cxd4 Bxd4 14. Nxd4 Qxd4 15. Qe2 Nf6 16. Rb1 Nh5 17. g3 Rc5 18. Qe3 Qxe3 19. dxe3 O-O 20. Bd2 Rfc8 21. b4 R5c7 22. Rec1 Bb5 23. Bxb5 axb5 24. Rxc7 Rxc7 25. Rc1 Rc6 26. Rc3 Nf6 27. Kg2 Nd7 28. Kf1 Nb6 29. Rxc6 bxc6 30. Ke2 f6 31. Kd3 Kf7 32. Bc3 e5 33. Be1 Ke6 34. Bd2 Kd7 35. Be1 c5 36. Bd2 Kc6 37. Be1 c4+ 38. Kc2 Kd7 39. Bd2 f5 40. exf5 gxf5 41. a3 Ke6 42. Bc3 Kf6 43. Bd2 Kg6 44. Bc3 Nd5 45. Bd2 Kf6 46. Bc1 Ke6 47. Bd2 Kd7 48. Bc1 Kc6 49. Bd2 Nf6 50. h3 h5 51. Bc3 Kd7 52. Be1 Ke6 53. Bc3 Nd5 54. Bd2 e4 55. f4 h4 56. gxh4 Kf7 57. Kd1 Kg6 58. Ke2 Kh5 59. Be1 Kg6 60. Bf2 Nb6 61. Kd2 Nd5 62. Kc2 Nb6 63. Kc3 Kh5 64. Kc2 Na4 65. Be1 d5 66. Bf2 d4 67. exd4 Nb6 68. Kd2 Nd5 69. Bg3 Kg6 70. Bh2 Kh6 71. Kd1 Kg6 72. Kd2 Kf7 73. Bg3 Nf6 74. Bh2 Nh5 75. Kc3 e3 76. Bg1 Nxf4 77. Bxe3 Nd5+ 78. Kd2 c3+ 0-1

[Event "36th Indian-ch U13 Open 2023"]
[Site "Secunderabad"]
[Date "2023.12.10"]
[Round "11.3"]
[White "Vandan Alankar Sawai"]
[Black "Vivaan Vijay Saraogi"]
[Result "1-0"]
[ECO "B94"]
[WhiteElo "1619"]
[BlackElo "1982"]
[Annotator "RC"]
[PlyCount "71"]
[EventDate "2023.12.04"]
[EventType "swiss"]
[EventCountry "IND"]
[SourceTitle "playchess.com"]
[Source "ChessBase"]
[SourceQuality "1"]
[TimeControl "5400+30"]

1. e4 c5 2. Nf3 d6 3. d4 cxd4 4. Nxd4 Nf6 5. Nc3 a6 6. Bg5 Nbd7 7. Qe2 Qc7 8. O-O-O b5 9. a3 Bb7 10. f4 Rc8 11. Bxf6 gxf6 12. Nd5 Qa5 13. g3 e5 14. Nf5 b4 15. Nxb4 d5 16. Nxd5 Bxa3 17. Qd3 Bxb2+ 18. Kxb2 Bxd5 19. exd5 Rb8+ 20. Kc1 Nc5 21. Qe3 O-O 22. Ne7+ Kh8 23. Nc6 Qb6 24. Nxb8 Rxb8 25. d6 exf4 26. Qd4 Qa5 27. gxf4 Qa3+ 28. Kd2 Qa5+ 29. Ke2 Re8+ 30. Kf3 Nd7 31. Bh3 Ne5+ 32. fxe5 fxe5 33. d7 Rd8 34. Qd6 e4+ 35. Kxe4 Qa4+ 36. Qd4+ 1-0

[Event "36th Indian-ch U13 Open 2023"]
[Site "Secunderabad"]
[Date "2023.12.10"]
[Round "11.4"]
[White "Adharsh K"]
[Black "Sushanth Vaman Shetty"]
[Result "0-1"]
[ECO "C11"]
[WhiteElo "1831"]
[BlackElo "1620"]
[Annotator "NA RC"]
[PlyCount "156"]
[EventDate "2023.12.04"]
[EventType "swiss"]
[EventCountry "IND"]
[SourceTitle "playchess.com"]
[Source "ChessBase"]
[SourceQuality "1"]
[TimeControl "5400+30"]

1. e4 e6 2. d4 d5 3. Nc3 Nf6 4. e5 Nfd7 5. f4 c5 6. Nf3 Nc6 7. Be3 a6 8. a3 b5 9. Qd2 Qb6 10. dxc5 Bxc5 11. Bxc5 Nxc5 12. Nd4 Bb7 13. Nxc6 Qxc6 14. Qd4 Rc8 15. Bd3 Qb6 16. O-O Na4 17. Qxb6 Nxb6 18. Ne2 Na4 19. Rab1 g6 20. Nd4 Ke7 21. Kf2 h5 22. g3 Bc6 23. Ke3 Bd7 24. h3 Nc5 25. Rf3 Rcg8 26. Rbf1 f6 27. b4 Na4 28. Nb3 f5 29. Kd4 Rc8 30. Rg1 Kf7 31. g4 hxg4 32. hxg4 Rh4 33. gxf5 gxf5 34. Rfg3 Rxf4+ 35. Ke3 Rg4 36. Rxg4 fxg4 37. Rxg4 Rh8 38. Kd4 Bc8 39. Rf4+ Ke7 40. Nc5 Nb6 41. Bg6 Nc4 42. Rf7+ Kd8 43. Nd3 Rh4+ 44. Kc5 Bd7 45. Rf8+ Kc7 46. Rf4 Rxf4 47. Nxf4 Nxe5 48. Bh7 Bc8 49. Kd4 Nc4 50. Kc5 Ne5 51. Kd4 Kd6 52. Bd3 Nc6+ 53. Kc3 e5 54. Ng6 e4 55. Be2 d4+ 56. Kd2 e3+ 57. Kc1 Bf5 58. Nf4 Ne5 59. a4 Nc4 60. axb5 axb5 61. c3 Ke5 62. Bxc4 bxc4 63. Ng2 Be4 64. cxd4+ Kxd4 65. Nf4 Bf3 66. b5 e2 67. Kd2 c3+ 68. Ke1 Ke3 69. b6 Kxf4 70. b7 Bxb7 71. Kxe2 Ke4 72. Kd1 Kd3 73. Kc1 c2 74. Kb2 Kd2 75. Ka2 c1=Q 76. Kb3 Qc3+ 77. Ka2 Bd5+ 78. Kb1 Qc1# 0-1

[Event "36th Indian-ch U13 Open 2023"]
[Site "Secunderabad"]
[Date "2023.12.10"]
[Round "11.5"]
[White "Darshan, V P S"]
[Black "Mrinmoy Rajkhowa"]
[Result "0-1"]
[ECO "B90"]
[WhiteElo "1670"]
[BlackElo "1840"]
[Annotator "NA RC"]
[PlyCount "64"]
[EventDate "2023.12.04"]
[EventType "swiss"]
[EventCountry "IND"]
[SourceTitle "playchess.com"]
[Source "ChessBase"]
[SourceQuality "1"]
[TimeControl "5400+30"]

1. e4 c5 2. Nf3 d6 3. d4 cxd4 4. Nxd4 Nf6 5. Nc3 a6 6. f3 e5 7. Nb3 Be6 8. Be3 h5 9. Nd5 Bxd5 10. exd5 g6 11. Qd2 b6 12. O-O-O Nbd7 13. Be2 Bg7 14. Rhe1 Qc7 15. Kb1 O-O 16. h3 b5 17. g4 Nb6 18. Bxb6 Qxb6 19. f4 Ne4 20. Qb4 Nf2 21. Rd2 a5 22. Qxb5 Qe3 23. a4 exf4 24. Rc1 Rfb8 25. Qc6 Ne4 26. Rd3 Qxe2 27. gxh5 Nc5 28. Nxc5 Rxb2+ 29. Ka1 Rxc2+ 30. Kb1 Rb2+ 31. Ka1 Ra2+ 32. Kb1 Qb2# 0-1

[Event "36th Indian-ch U13 Open 2023"]
[Site "Secunderabad"]
[Date "2023.12.10"]
[Round "11.6"]
[White "Challa Saharsha"]
[Black "Siddhanth Poonja"]
[Result "0-1"]
[ECO "D00"]
[WhiteElo "1674"]
[BlackElo "1806"]
[Annotator "NA RC"]
[PlyCount "178"]
[EventDate "2023.12.04"]
[EventType "swiss"]
[EventCountry "IND"]
[SourceTitle "playchess.com"]
[Source "ChessBase"]
[SourceQuality "1"]
[TimeControl "5400+30"]

1. d4 Nf6 2. Nc3 d5 3. Bf4 g6 4. e3 Bg7 5. h4 h5 6. Nf3 O-O 7. Qd2 c5 8. Ne5 cxd4 9. exd4 Nc6 10. f3 Bf5 11. Bb5 Rc8 12. Bxc6 bxc6 13. Na4 Nh7 14. O-O-O f6 15. Nd3 e5 16. Be3 Re8 17. Rdg1 Qe7 18. Nac5 e4 19. fxe4 dxe4 20. Nf4 Qf7 21. Kb1 Nf8 22. Qf2 Bg4 23. Qe1 Rb8 24. Nh3 Nd7 25. Nb3 Rb5 26. Nf2 a5 27. Nxg4 hxg4 28. Nxa5 Ra8 29. Nb3 Nb6 30. Bc1 f5 31. Rf1 c5 32. dxc5 Nc4 33. h5 Qf6 34. Qe2 Rb4 35. h6 Qa6 36. a3 Nxa3+ 37. bxa3 Qxe2 38. axb4 Qa6 39. Na5 Bc3 40. Bb2 Bxb2 41. Kxb2 Kh7 42. Rd1 Qb5 43. c6 Qxb4+ 44. Nb3 Ra7 45. Rd7+ Rxd7 46. cxd7 Qd6 47. Nc5 Qd4+ 48. Kb1 Kh8 49. Ka2 e3 50. Kb3 f4 51. c3 Qd2 52. Ra1 e2 53. Ra8+ Kh7 54. Re8 f3 55. gxf3 gxf3 56. Ne6 Qxd7 57. Nf8+ Kxh6 58. Nxd7 f2 59. Rxe2 f1=Q 60. Rd2 Qb5+ 61. Kc2 g5 62. Rd6+ Kg7 63. Rd4 Qe2+ 64. Kb3 Qb5+ 65. Kc2 Kg6 66. c4 Qa4+ 67. Kc3 Qa3+ 68. Kc2 Kf5 69. Rd5+ Kf4 70. Ne5 Ke4 71. Rb5 Qa2+ 72. Kc3 Qa1+ 73. Kc2 Qf1 74. Kc3 Qc1+ 75. Kb3 Qe3+ 76. Kc2 g4 77. Nxg4 Qe2+ 78. Kc3 Qxg4 79. Rd5 Qg7+ 80. Kc2 Qg3 81. Kb2 Qe3 82. Kc2 Qa3 83. Rd2 Qb4 84. Rd3 Qxc4+ 85. Rc3 Qa2+ 86. Kc1 Kd4 87. Rc2 Qa5 88. Rd2+ Ke3 89. Rc2 Qa1# 0-1

[Event "36th Indian-ch U13 Open 2023"]
[Site "Secunderabad"]
[Date "2023.12.10"]
[Round "11.7"]
[White "Madhesh Kumar S"]
[Black "Madhvendra Pratap Sharma"]
[Result "1/2-1/2"]
[ECO "C00"]
[WhiteElo "1580"]
[BlackElo "1803"]
[Annotator "NA RC"]
[PlyCount "159"]
[EventDate "2023.12.04"]
[EventType "swiss"]
[EventCountry "IND"]
[SourceTitle "playchess.com"]
[Source "ChessBase"]
[SourceQuality "1"]
[TimeControl "5400+30"]

1. e4 e6 2. Nf3 d5 3. e5 c5 4. b4 cxb4 5. d4 Bd7 6. a3 Qa5 7. Bd2 a6 8. Bd3 Bb5 9. O-O Nc6 10. Qc1 Bxd3 11. cxd3 Rb8 12. Qb2 bxa3 13. Nxa3 Qc7 14. Rfc1 Nh6 15. Nc2 Be7 16. Qb1 Qd7 17. Nb4 Nxb4 18. Bxb4 O-O 19. Bxe7 Qxe7 20. Qb6 Rfc8 21. Rc5 Qd8 22. Rb1 Nf5 23. g4 Ne7 24. Qxd8+ Rxd8 25. Rc7 Kf8 26. Rbxb7 Rxb7 27. Rxb7 Ra8 28. Kf1 a5 29. Ke1 a4 30. Kd2 a3 31. Rb1 a2 32. Ra1 Nc6 33. Kc2 Ra3 34. Ne1 Nb4+ 35. Kb2 Ra8 36. Kc3 Rb8 37. f4 h6 38. h3 g6 39. Nf3 Ke7 40. Ng1 Nxd3 41. Kxd3 Rb1 42. Rxa2 Rxg1 43. Rh2 Rg3+ 44. Ke2 Kd7 45. Rh1 Ke7 46. Rh2 Kf8 47. Rh1 Kg7 48. Rh2 h5 49. g5 h4 50. Rh1 Kf8 51. Rh2 Ke7 52. Rh1 Rb3 53. Kd2 Kd7 54. Kc2 Rf3 55. Kd2 Kc6 56. Ke2 Rg3 57. Rc1+ Kd7 58. Rh1 Ke7 59. Kd2 Ke8 60. Ke2 Kd7 61. Kd2 Kc6 62. Rc1+ Kb5 63. Rc7 Rxh3 64. Rxf7 Kc4 65. Ke2 Kxd4 66. Kf2 Ke4 67. Rf6 Rf3+ 68. Ke2 Rxf4 69. Rxe6 h3 70. Rxg6 Rh4 71. e6 Kf5 72. Rh6 Re4+ 73. Kd3 Kxg5 74. Rxh3 Rxe6 75. Kd4 Rd6 76. Ke5 Rd8 77. Rg3+ Kh4 78. Rd3 d4 79. Rxd4+ Rxd4 80. Kxd4 1/2-1/2

[Event "36th Indian-ch U13 Open 2023"]
[Site "Secunderabad"]
[Date "2023.12.10"]
[Round "11.9"]
[White "Malvin Joshua"]
[Black "Sherla Prathamesh"]
[Result "1/2-1/2"]
[ECO "C03"]
[WhiteElo "1540"]
[BlackElo "1726"]
[Annotator "NA RC"]
[PlyCount "141"]
[EventDate "2023.12.04"]
[EventType "swiss"]
[EventCountry "IND"]
[SourceTitle "playchess.com"]
[Source "ChessBase"]
[SourceQuality "1"]
[TimeControl "5400+30"]

1. e4 e6 2. d4 d5 3. Nd2 Be7 4. Ngf3 Nf6 5. Bd3 c5 6. exd5 Nxd5 7. O-O Nb4 8. Bb5+ Bd7 9. Bxd7+ Nxd7 10. Ne4 cxd4 11. a3 Nd5 12. Qxd4 O-O 13. c4 N5f6 14. Rd1 Nc5 15. Nxc5 Bxc5 16. Qxd8 Rfxd8 17. Rxd8+ Rxd8 18. Bg5 h6 19. Bxf6 gxf6 20. Kf1 e5 21. Ke2 a5 22. b4 axb4 23. axb4 Bxb4 24. Rb1 Bc3 25. Rb3 Ba5 26. Rxb7 f5 27. Rb5 Bc7 28. Nh4 Rd4 29. Nxf5 Rxc4 30. Nxh6+ Kg7 31. Nf5+ Kg6 32. Ne3 Ra4 33. Rc5 Bb8 34. Rc8 Ba7 35. Rg8+ Kh7 36. Ra8 e4 37. g3 Ra1 38. Rc8 Ra2+ 39. Rc2 Ra1 40. Nd1 Kg6 41. Nc3 Rh1 42. h4 e3 43. fxe3 Rh2+ 44. Kd3 Rxc2 45. Kxc2 Bxe3 46. Kd3 Bf2 47. Ne4 Bb6 48. Ke2 f5 49. Nc3 Bc7 50. Kf3 Bd6 51. Nd5 Kh6 52. Nf4 Bb8 53. Nd5 Bd6 54. Ne3 Kg6 55. Nc4 Bc7 56. Ne3 Bd6 57. Nd5 Kh6 58. Kg2 Kg6 59. Kf3 Kh6 60. Ne3 Kg6 61. Nc4 Bc7 62. Ne3 Bd6 63. Nd5 Kh6 64. Nf4 Bb8 65. Ke3 Ba7+ 66. Kf3 Bb8 67. Nd5 Bd6 68. Kg2 Kg6 69. Kf3 Kh6 70. Ne3 Kg6 71. Nxf5 1/2-1/2

[Event "36th Indian-ch U13 Open 2023"]
[Site "Secunderabad"]
[Date "2023.12.10"]
[Round "11.10"]
[White "Gaikwad Manas"]
[Black "Aarav Saish Amonkar"]
[Result "1-0"]
[ECO "C54"]
[WhiteElo "1916"]
[BlackElo "1624"]
[Annotator "NA RC"]
[PlyCount "97"]
[EventDate "2023.12.04"]
[EventType "swiss"]
[EventCountry "IND"]
[SourceTitle "playchess.com"]
[Source "ChessBase"]
[SourceQuality "1"]
[TimeControl "5400+30"]

1. e4 e5 2. Nf3 Nc6 3. Bc4 Nf6 4. d3 Bc5 5. c3 d6 6. a4 a6 7. b4 Ba7 8. Nbd2 O-O 9. O-O Ne7 10. Re1 Ng6 11. Nf1 Be6 12. Bb3 Nh5 13. d4 Nhf4 14. Bc2 Bg4 15. Bxf4 Nxf4 16. h3 Bxf3 17. Qxf3 Qf6 18. Ne3 h5 19. Rad1 Rad8 20. Kh2 g6 21. d5 Kg7 22. Nc4 Rd7 23. Na5 Bb6 24. Nb3 Qh4 25. Rd2 f5 26. Qg3 Qf6 27. exf5 Kh6 28. fxg6 Nxg6 29. Qxg6+ Qxg6 30. Bxg6 Kxg6 31. f3 Rf4 32. Rc2 c6 33. dxc6 bxc6 34. Nd2 d5 35. Kh1 e4 36. fxe4 dxe4 37. Nxe4 Rxe4 38. Rxe4 Rd1+ 39. Kh2 Bg1+ 40. Kg3 Rd3+ 41. Kh4 Bh2 42. Re6+ Kf5 43. Rxc6 Bg3+ 44. Kxh5 Rd7 45. Rc5+ Kf6 46. Kg4 Rg7+ 47. Kf3 Bd6 48. Rc6 Ke5 49. Rxa6 1-0